 Dungeon Crawl Stone Soup version 0.20.1-1-g8b1a95d (webtiles) character file.

400 keltmir the Changer (level 6, -2/47 HPs)
             Began as a Draconian Transmuter on Nov 8, 2017.
             Slain by a yak (11 damage)
             ... on level 4 of the Dungeon.
             The game lasted 00:21:50 (4749 turns).

keltmir the Changer (Draconian Transmuter)          Turns: 4749, Time: 00:21:50

Health: -2/47      AC:  7    Str: 12    XL:     6   Next: 54%
Magic:  18/18      EV: 12    Int: 15    God:
Gold:   248        SH:  0    Dex: 12    Spells: 5/9 levels left

rFire    . . .     SeeInvis .   n - +1 blowgun
rCold    . . .     Gourm    .   (no shield)
rNeg     . . .     Faith    .   (armour unavailable)
rPois    .         Spirit   .   (helmet restricted)
rElec    .         Reflect  .   u - +0 cloak
rCorr    .         Harm     .   (no gloves)
MR       .....                  (no boots)
Stlth    +.........             (no amulet)
Regen    0.2/turn               l - ring of magical power
MPRegen  0.2/turn               (no ring)

@: no status effects
A: unfitting armour, cold-blooded, AC +6
a: no special abilities


You were on level 4 of the Dungeon.
You were not hungry.

You visited 1 branch of the dungeon, and saw 5 of its levels.

You collected 248 gold pieces.

Inventory:

Hand Weapons
 n - a +1 blowgun (weapon)
Missiles
 a - 66 arrows
 o - 25 poisoned needles (quivered)
Armour
 u - a +0 cloak (worn)
Jewellery
 d - an uncursed amulet of harm
 l - a ring of magical power (left hand)
Scrolls
 k - a scroll of enchant weapon
 p - 2 scrolls of remove curse
 r - a scroll of fog {unknown}
Potions
 e - 3 potions of flight
 f - a potion of lignification
 g - a potion of curing
 q - a potion of mutation {unknown}
 s - a potion of haste {unknown}
 t - a potion of brilliance {unknown}
Books
 b - a book of Changes

   Spells                             Type                      Level
   a - Beastly Appendage              Transmutation                1
   b - Sticks to Snakes               Transmutation                2
   c - Spider Form                    Transmutation/Poison         3
   d - Ice Form                       Ice/Transmutation            4
   e - Blade Hands                    Transmutation                5
 m - a book of Maledictions

   Spells                             Type                      Level
   a - Corona                         Hexes                        1
   b - Ensorcelled Hibernation        Hexes/Ice                    2
   c - Confuse                        Hexes                        3
   d - Tukima's Dance                 Hexes                        3
   e - Dazzling Spray                 Conjuration/Hexes            3
Comestibles
 c - 2 bread rations
 i - 3 meat rations
 j - 2 royal jellies


   Skills:
 - Level 1.1 Fighting
 - Level 1.7 Dodging
 - Level 3.0 Unarmed Combat
 - Level 2.0 Spellcasting
 * Level 7.1 Transmutations


You had 5 spell levels left.
You knew the following spells:

 Your Spells              Type           Power        Failure   Level  Hunger
a - Beastly Appendage     Tmut           ###...       1%          1    #......
b - Spider Form           Tmut/Pois      ##........   16%         3    ###....


Dungeon Overview and Level Annotations

Branches:
Dungeon (5/15)
 Temple: D:4-7

Altars:
Sif Muna
Zin
The Shining One


Innate Abilities, Weirdness & Mutations

Your plain brown scales are hard. (AC +6)
You cannot fit into any form of body armour.
You are cold-blooded and may be slowed by cold attacks.


Message History

The yak is poisoned.
The yak bellows! x3
A yak comes into view.
The yak bellows!
A frilled lizard comes into view.
The yak gores you!
Firing (i - inventory):
o - 26 poisoned needles (quivered)
Press: ? - help, Shift-Dir - straight line, f/p - yak
Aim: a yak (lightly wounded, poisoned)
You shoot a poisoned needle. The poisoned needle hits the yak.
The yak is lightly wounded.
The yak gores you!
A worm comes into view.
The yak looks more healthy.
The yak barely misses you.
A giant cockroach comes into view.
You swing at nothing.
The yak gores you!
* * * LOW HITPOINT WARNING * * *
The yak gores you but does no damage.
You open the door. The yak gores you!
You die...

,,,.........#....##..##...≈≈≈≈≈≈≈
,,,,........#....##..##..≈≈≈≈##≈≈
,***#s.....##....##..##..≈#≈≈≈≈≈.
,*,,+...w..#............^.≈≈≈≈≈≈.
,*,,#......#.............≈≈≈≈≈≈≈.
,***#.(....#.............≈#≈≈≈#≈≈
,*,,#......#.....##'###...≈≈≈≈≈≈≈
,*,,#..<.>.#####'#....####.≈≈≈≈≈.
,*,,#....(..Y.lY@..........≈≈≈≈≈.
**,,#........Y.YY...........≈≈≈≈≈
**,,#.......Y.................≈≈≈
,,,,#..........................≈≈
,,,,#.................######.....
**,,#.............##### ######
**,,#......########
,,,,#......#,,,,,,*
,,,,#......#,,,,,******


You could see 6 yaks and a frilled lizard.

Vanquished Creatures
  An ogre (D:3)
  A scorpion (D:3)
  An orc priest (D:3)
  A centaur skeleton (D:4)
  A hound skeleton (D:3)
  7 adders
  2 oozes (D:3)
  4 worms
  13 dart slugs
  4 leopard geckos
  4 orcs (D:3)
  3 giant cockroaches
  7 goblins
  6 hobgoblins
  7 jackals
  A quokka (D:2)
  4 bats
  6 frilled lizards
  A giant cockroach zombie (D:3)
  7 kobolds
  A quokka skeleton (D:4)
  7 rats
89 creatures vanquished.

Notes
Turn   | Place    | Note
-------+----------+-------------------------------------------
     0 | D:1      | keltmir the Draconian Transmuter began the quest for the Orb.
     0 | D:1      | Reached XP level 1. HP: 16/16 MP: 3/3
    65 | D:1      | Reached XP level 2. HP: 13/23 MP: 5/5
   334 | D:1      | Reached skill level 3 in Transmutations
   931 | D:1      | Reached XP level 3. HP: 14/28 MP: 4/6
  1429 | D:2      | Reached skill level 4 in Transmutations
  1472 | D:2      | Learned a level 3 spell: Spider Form
  1523 | D:2      | Found a deep blue altar of Sif Muna.
  1564 | D:2      | Found a glowing silver altar of Zin.
  2050 | D:2      | Found a glowing golden altar of the Shining One.
  2254 | D:2      | Reached XP level 4. HP: 32/35 MP: 3/7
  2771 | D:3      | Reached skill level 5 in Transmutations
  2815 | D:3      | Reached XP level 5. HP: 39/40 MP: 1/8
  3310 | D:3      | Reached skill level 6 in Transmutations
  3627 | D:4      | Noticed an ogre
  3893 | D:4      | Noticed a yak
  3893 | D:4      | Noticed a yak
  3895 | D:4      | Noticed a yak
  3895 | D:4      | Noticed a yak
  4230 | D:4      | Reached XP level 6. HP: 47/47 MP: 9/9
  4389 | D:4      | Reached skill level 7 in Transmutations
  4680 | D:5      | Entered Level 5 of the Dungeon
  4737 | D:4      | Noticed a yak
  4738 | D:4      | Noticed a yak
  4749 | D:4      | Slain by a yak

Skill      XL: |  1  2  3  4  5  6 |
---------------+-------------------+-----
Transmutations | 3 4 5 6 7 |  7.1
Fighting       | |  1.1
Dodging        | |  1.7
Unarmed Combat | |  3.0
Spellcasting   | |  2.0

Action                   |  1- 3 |  4- 6 || total
-------------------------+-------+-------++-------
Melee: Unarmed           |   137 |   142 ||   279
       Tailslap          |    10 |     6 ||    16
       Punch             |     1 |     2 ||     3
       Headbutt          |     1 |       ||     1
       Blowgun           |       |    11 ||    11
 Fire: Blowgun           |       |    43 ||    43
 Cast: Beastly Appendage |     4 |     1 ||     5
       Spider Form       |     5 |    15 ||    20
  Use: Scroll            |     6 |     3 ||     9
 Stab: Sleeping          |       |     1 ||     1
  Eat: Meat ration       |     1 |       ||     1
       Chunk             |       |     7 ||     7
       Bread ration      |       |     1 ||     1
Armor: Skin              |    24 |    36 ||    60
Dodge: Dodged            |    89 |   170 ||   259
